 Dungeon Crawl Stone Soup version 0.18.2-3-g5ac21b8443 (webtiles) character file.

154 Kurba the Shield-Bearer (level 5, -1/49 HPs)
             Began as a Deep Dwarf Fighter on Oct 20, 2020.
             Slain by an adder (2 damage)
             ... on level 3 of the Dungeon.
             The game lasted 00:09:13 (4212 turns).

Kurba the Shield-Bearer (Deep Dwarf Fighter)        Turns: 4212, Time: 00:09:14

Health: -1/49      AC: 12    Str: 20    XL:     5   Next: 13%
Magic:  5/5        EV:  4    Int:  9    God:
Gold:   143        SH:  9    Dex: 12    Spells: 0 memorised, 4 levels left

rFire  . . .     SeeInvis .     a - +0 war axe
rCold  . . .     Gourm    .     w - +1 plate armour
rNeg   . . .     Faith    .     c - +0 shield
rPois  .         Spirit   .     (no helmet)
rElec  .         Dismiss  .     (no cloak)
rCorr  .         Reflect  .     (no gloves)
SustAt .         Harm     .     (no boots)
MR     .....                    (no amulet)
Stlth  ..........               (no ring)
                                (no ring)

@: non-regenerating, not resistant to hostile enchantments, extremely unstealthy
A: damage resistance, recharge devices, sense surroundings 1, slow regeneration
3
a: Device Recharging


You were on level 3 of the Dungeon.
You were not hungry.

You visited 1 branch of the dungeon, and saw 3 of its levels.

You collected 143 gold pieces.

Inventory:

Hand Weapons
 a - a +0 war axe (weapon)
Armour
 c - a +0 shield (worn)
 w - a +1 plate armour (worn)
Jewellery
 h - an uncursed amulet of rage {unknown}
 s - a +3 ring of intelligence {unknown}
Wands
 e - a wand of heal wounds (5/9)
Potions
 b - a potion of degeneration
 d - a potion of might
 j - a potion of resistance {unknown}
 k - a potion of brilliance {unknown}
 n - a potion of beneficial mutation {unknown}
 o - a potion of cure mutation {unknown}
 r - a potion of haste {unknown}
Comestibles
 f - a beef jerky
 i - 3 meat rations


   Skills:
 * Level 3.4 Fighting
 * Level 2.9 Axes
 * Level 4.0 Armour
 * Level 1.8 Dodging
 + Level 0.3 Stealth
 * Level 4.5 Shields


You had 4 spell levels left.
You didn't know any spells.

Dungeon Overview and Level Annotations

Branches:
Dungeon (3/15)

Altars:
Cheibriados
Yredelemnul


Innate Abilities, Weirdness & Mutations

You are resistant to damage.
You can recharge devices by infusing magical energy.
You passively map a small area around you.
You do not regenerate naturally.


Message History

You block the bat's attack. You block the bat's attack.
Found an escape hatch in the ceiling.
You block the bat's attack. The bat hits you but does no damage. x2
The bat hits you but does no damage. The bat hits you but does no damage.
An adder comes into view.
The bat barely misses you. The bat hits you. You block the bat's attack.
Found a scroll labeled RIERO PUGE.
You miss the adder. You miss the bat. You block the bat's attack.
The adder bites you but does no damage. x2
You hit the adder.
The adder is heavily wounded.
You block the bat's attack. The adder bites you.
* * * LOW HITPOINT WARNING * * *
The bat hits you but does no damage. The adder bites you.
You die...

.....$# , , *#.#
#.###.#... ....#.. ,,
#.####.# #[#..# ....# .
, , ,, , #......###.#..#
....# , *#..###.....#..#
....# , , ,
#..##.b..###... ....# **
#..##.†..#..... ##[.., *
#..##...^#.##.. * ,
##.#######..#.....#.....
, ,
......S@b..>#.....#..##.
*
......###..##.....#.....
..... #..##.....##.### ,
...., * #.<.#.######...
* ... #.#.#.* ##### .. ,
,**#.#.#. * , ? #.#.# ,
, , ,#.#.# , * ...


You could see an adder and a bat.

Vanquished Creatures
  Terence (D:3)
  4 adders (D:2)
  2 worms (D:2)
  6 giant geckos
  An orc (D:3)
  8 bats
  4 giant cockroaches
  9 goblins (D:2)
  7 hobgoblins
  6 jackals (D:2)
  12 kobolds
  3 giant newts
  15 rats
78 creatures vanquished.

Vanquished Creatures (others)
  2 plants (D:2)
2 creatures vanquished.

Grand Total: 80 creatures vanquished

Notes
Turn   | Place    | Note
--------------------------------------------------------------
     0 | D:1      | Kurba the Deep Dwarf Fighter began the quest for the Orb.
     0 | D:1      | Reached XP level 1. HP: 20/20 MP: 1/1
   317 | D:1      | Reached XP level 2. HP: 27/27 MP: 2/2
   939 | D:1      | Reached skill level 1 in Dodging
  1634 | D:2      | Reached XP level 3. HP: 27/34 MP: 3/3
  1636 | D:2      | Found a basalt altar of Yredelemnul.
  2978 | D:2      | Reached XP level 4. HP: 26/42 MP: 4/4
  2995 | D:2      | Found a snail-covered altar of Cheibriados.
  4085 | D:3      | Noticed Terence
  4092 | D:3      | HP: 2/42 [Terence/mace (1)]
  4093 | D:3      | Killed Terence
  4093 | D:3      | Reached XP level 5. HP: 3/49 MP: 5/5
  4212 | D:3      | HP: 1/49 [adder (2)]
  4212 | D:3      | Slain by an adder

Skill      XL: |  1  2  3  4 |
---------------+-------------+-----
Fighting       | 3 |  3.4
Dodging        | 1 |  1.8
Shields        | 4 |  4.5
Armour         | 4 |  4.0
Axes           | |  2.9
Stealth        | |  0.3

Action                   |  1- 3 |  4- 6 || total
-------------------------+-------+-------++-------
Melee: War axe           |   162 |   138 ||   300
  Use: Scroll            |       |     7 ||     7
  Eat: Bread ration      |     1 |     1 ||     2
       Royal jelly       |     1 |       ||     1
Armor: Scale mail        |    28 |       ||    28
       Chain mail        |    72 |    91 ||   163
       Plate armour      |       |    17 ||    17
Dodge: Dodged            |    62 |    40 ||   102
Block: Shield            |    98 |   115 ||   213
